[Event "January 9 Early 2024"]
[Site "https://www.chess.com"]
[Date "2024.01.11"]
[Round "4"]
[White "Antunez Soler, Luis"]
[Black "Garrido, Denis"]
[Result "1-0"]
[Board "37"]
[TimeControl "180+1"]
[WhiteFideId "3513335"]
[BlackFideId "601217"]
[WhiteElo "2602"]
[BlackElo "2399"]
[WhiteTeam "CUB"]
[BlackTeam "FRA"]
[WhiteClock "0:01:16"]
[BlackClock "0:01:33"]

1. e4 e5 2. Nf3 Nc6 3. Bc4 Nf6 4. d3 Bc5 5. c3 O-O 6. Bb3 d6 7. Qe2 Be6 8. Bc2 h6 9. Nbd2 d5 10. Nf1 a5 11. a4 dxe4 12. dxe4 Qd7 13. Ng3 Rad8 14. h3 Ne7 15. Nxe5 Qd6 16. Nf3 Qb6 17. O-O Ng6 18. Kh2 Rfe8 19. e5 Nd5 20. Nf5 Bxf5 21. Bxf5 Nxe5 22. Nxe5 Rxe5 23. Qf3 c6 24. Bc2 Qc7 25. Kh1 Rde8 26. Bd2 Re2 27. Rad1 Qb6 28. Bd3 Rxf2 29. Rxf2 Bxf2 30. Rf1 Re6 31. Qxf2 1-0

[Event "January 9 Early 2024"]
[Site "https://www.chess.com"]
[Date "2024.01.11"]
[Round "4"]
[White "Spichkin, Alexander"]
[Black "Guzman Lozano, Campo Elias"]
[Result "1-0"]
[Board "38"]
[TimeControl "180+1"]
[WhiteFideId "4144074"]
[BlackFideId "4403746"]
[WhiteElo "2393"]
[BlackElo "2154"]
[WhiteTeam "RUS"]
[BlackTeam "COL"]
[WhiteClock "0:02:21"]
[BlackClock "0:00:15"]

1. f4 Nf6 2. Nf3 d6 3. d3 c5 4. e4 Nc6 5. Be2 e6 6. O-O Be7 7. Nc3 O-O 8. Qe1 Rb8 9. Qg3 Kh8 10. b3 Nd4 11. Bd1 b5 12. Ne2 d5 13. e5 Nf5 14. Qh3 Ng8 15. g4 Nd4 16. Nexd4 cxd4 17. Nxd4 Bc5 18. Be3 Qb6 19. c3 b4 20. Nc2 bxc3 21. d4 Be7 22. Be2 f6 23. Bd3 h6 24. g5 fxg5 25. fxg5 Bd7 26. gxh6 g5 27. Qh5 Be8 28. Bg6 Rf5 29. Bxe8 g4 30. Qg6 1-0

[Event "January 9 Early 2024"]
[Site "https://www.chess.com"]
[Date "2024.01.11"]
[Round "4"]
[White "Terry, Renato"]
[Black "Girsh, Daniel"]
[Result "1-0"]
[Board "39"]
[TimeControl "180+1"]
[WhiteFideId "3803457"]
[BlackFideId "30949190"]
[WhiteElo "2982"]
[BlackElo "2642"]
[WhiteTeam "PER"]
[BlackTeam "USA"]
[WhiteClock "0:01:22"]
[BlackClock "0:00:52"]

1. e4 c5 2. Nf3 d6 3. Bb5+ Nd7 4. d4 cxd4 5. Qxd4 a6 6. Bxd7+ Bxd7 7. Bg5 h6 8. Bh4 Qc7 9. Nc3 e6 10. O-O-O Bc6 11. Rhe1 Ne7 12. Nd5 Bxd5 13. exd5 e5 14. Nxe5 dxe5 15. Rxe5 Qd6 16. Bxe7 Bxe7 17. Rde1 O-O 18. Rxe7 Qxh2 19. g3 Rab8 20. d6 Qh5 21. d7 Qa5 22. Re8 Qxa2 23. Rxb8 Qa1+ 24. Kd2 Qa5+ 25. b4 Qg5+ 26. f4 1-0

[Event "January 9 Early 2024"]
[Site "https://www.chess.com"]
[Date "2024.01.11"]
[Round "4"]
[White "Sava, Ana-Maria"]
[Black "Filali, Razzouki Marouane"]
[Result "0-1"]
[Board "40"]
[TimeControl "180+1"]
[WhiteFideId "1213504"]
[BlackFideId "9003720"]
[WhiteElo "1819"]
[BlackElo "2431"]
[WhiteTeam "ROU"]
[BlackTeam "MAR"]
[WhiteClock "0:01:24"]
[BlackClock "0:00:58"]

1. e4 c6 2. d4 d5 3. exd5 cxd5 4. Bd3 Nf6 5. c3 Nc6 6. Bf4 e6 7. Nd2 Bd6 8. Bxd6 Qxd6 9. Ngf3 O-O 10. h3 Nh5 11. Qc2 g6 12. Nf1 Nf4 13. Ne3 Bd7 14. O-O e5 15. dxe5 Nxe5 16. Nxe5 Qxe5 17. Rad1 Rae8 18. Rfe1 Qg5 19. Bf1 Nxh3+ 20. Kh1 Nf4 21. g3 Qh5+ 22. Kg1 Nh3+ 23. Bxh3 Bxh3 24. Rxd5 Qf3 25. Qd1 Rxe3 26. Qxf3 Rxf3 27. Rd7 Bxd7 0-1

[Event "January 9 Early 2024"]
[Site "https://www.chess.com"]
[Date "2024.01.11"]
[Round "4"]
[White "Wafa, Hamed"]
[Black "Sanhueza, Cristian"]
[Result "0-1"]
[Board "41"]
[TimeControl "180+1"]
[WhiteFideId "10628452"]
[BlackFideId "116815"]
[WhiteElo "2814"]
[BlackElo "2617"]
[WhiteTeam "EGY"]
[BlackTeam "ARG"]
[WhiteClock "0:02:27"]
[BlackClock "0:01:55"]

1. e4 e5 2. Nf3 Nc6 3. Bb5 a6 4. Bxc6 dxc6 5. O-O Bg4 6. h3 h5 7. d3 Qf6 8. Be3 Bxf3 9. Qxf3 Qxf3 10. gxf3 Bd6 11. Nd2 Ne7 12. a4 Ng6 13. Rfb1 c5 14. a5 O-O-O 15. Kf1 Nf8 16. Nb3 Ne6 17. Ra4 g5 18. Ke2 Rdg8 19. c3 g4 0-1

[Event "January 9 Early 2024"]
[Site "https://www.chess.com"]
[Date "2024.01.11"]
[Round "4"]
[White "Petrukhina, Olga"]
[Black "Joubert, Dantelle"]
[Result "1-0"]
[Board "42"]
[TimeControl "180+1"]
[WhiteFideId "13703935"]
[BlackFideId "14310813"]
[WhiteElo "2295"]
[BlackElo "2054"]
[WhiteTeam "KAZ"]
[BlackTeam "RSA"]
[WhiteClock "0:01:11"]
[BlackClock "0:01:00"]

1. d4 d5 2. c4 c6 3. Nf3 Nf6 4. Nc3 e6 5. g3 Nbd7 6. Bg2 dxc4 7. e4 Bb4 8. e5 Nd5 9. Bd2 O-O 10. O-O c5 11. Qe2 Bxc3 12. bxc3 cxd4 13. Nxd4 N7b6 14. Be4 Bd7 15. Qh5 g6 16. Qh6 Qc7 17. Rae1 f6 18. Bxg6 hxg6 19. Qxg6+ Kh8 20. Re4 1-0

[Event "January 9 Early 2024"]
[Site "https://www.chess.com"]
[Date "2024.01.11"]
[Round "4"]
[White "Murthy, Pappu"]
[Black "Prudnykova, Olga"]
[Result "0-1"]
[Board "43"]
[TimeControl "180+1"]
[WhiteFideId "2013401"]
[BlackFideId "14121093"]
[WhiteElo "1897"]
[BlackElo "2272"]
[WhiteTeam "USA"]
[BlackTeam "ISL"]
[WhiteClock "0:00:04"]
[BlackClock "0:01:49"]

1. e4 c5 2. Nf3 Nf6 3. Nc3 e6 4. d4 cxd4 5. Nxd4 Nc6 6. Ndb5 Bc5 7. Nd6+ Ke7 8. Bf4 e5 9. Nf5+ Kf8 10. Bg5 d6 11. Nd5 Bxf2+ 12. Ke2 Bxf5 13. Bxf6 gxf6 14. exf5 Bc5 15. c3 Ne7 16. Nxe7 Qxe7 17. g3 Qd7 18. Qd3 e4 19. Qd5 Qb5+ 20. Ke1 Bf2+ 21. Kxf2 Qxd5 0-1

[Event "January 9 Early 2024"]
[Site "https://www.chess.com"]
[Date "2024.01.11"]
[Round "4"]
[White "Frayna, Janelle Mae"]
[Black "Gopal, K.N."]
[Result "1-0"]
[Board "44"]
[TimeControl "180+1"]
[WhiteFideId "5212499"]
[BlackFideId "5001447"]
[WhiteElo "2464"]
[BlackElo "2213"]
[WhiteTeam "PHI"]
[BlackTeam "IND"]
[WhiteClock "0:01:57"]
[BlackClock "0:00:41"]

1. e4 c5 2. Nc3 e6 3. g3 d5 4. exd5 exd5 5. d4 Nf6 6. Bg2 c4 7. Nf3 h6 8. O-O Be7 9. b3 cxb3 10. axb3 O-O 11. Ne5 Nc6 12. Ne2 Bf5 13. Nf4 Rc8 14. Nxc6 bxc6 15. Rxa7 Bd6 16. h3 Qb6 17. Ra2 Rfd8 18. Be3 Be4 19. Nd3 Bxg2 20. Kxg2 Ne4 21. Qf3 Re8 22. Rfa1 Re6 23. Ra6 Qb5 24. R1a5 Qb8 25. Bf4 Bxf4 26. Qxf4 Qxf4 27. Nxf4 Rd6 28. f3 Nf6 29. Nd3 Nd7 30. Ra8 Rxa8 31. Rxa8+ Kh7 32. Kf2 Nf6 33. Rc8 Kg6 34. Rxc6 Rxc6 35. Ne5+ 1-0

[Event "January 9 Early 2024"]
[Site "https://www.chess.com"]
[Date "2024.01.11"]
[Round "4"]
[White "Feuerstack, Aljoscha"]
[Black "Castellano, Christopher"]
[Result "1-0"]
[Board "45"]
[TimeControl "180+1"]
[WhiteFideId "4681932"]
[BlackFideId "5203651"]
[WhiteElo "2619"]
[BlackElo "2395"]
[WhiteTeam "GER"]
[BlackTeam "PHI"]
[WhiteClock "0:00:18"]
[BlackClock "0:01:54"]

1. e4 g6 2. d4 Bg7 3. Nc3 d6 4. h3 a6 5. a4 b6 6. Bc4 Bb7 7. Nf3 e6 8. Bg5 Ne7 9. Qd2 h6 10. Be3 Nd7 11. Ba2 Nf6 12. e5 dxe5 13. dxe5 Nd7 14. Qe2 Bxf3 15. gxf3 Nxe5 16. Rd1 Qc8 17. Ne4 O-O 18. Bxh6 Bxh6 19. Nf6+ Kh8 20. Qxe5 Bg7 21. Qg5 Qb7 22. Qh4+ 1-0

[Event "January 9 Early 2024"]
[Site "https://www.chess.com"]
[Date "2024.01.11"]
[Round "4"]
[White "Krishnan, Ritvik"]
[Black "Sofronie, Claudia-Ramona"]
[Result "1-0"]
[Board "46"]
[TimeControl "180+1"]
[WhiteFideId "45055297"]
[BlackFideId "1205722"]
[WhiteElo "2493"]
[BlackElo "2273"]
[WhiteTeam "IND"]
[BlackTeam "ROU"]
[WhiteClock "0:00:57"]
[BlackClock "0:01:21"]

1. d4 e6 2. c4 f5 3. g3 Nf6 4. Nf3 b6 5. Bg2 Bb7 6. O-O Be7 7. Nc3 O-O 8. d5 Bd6 9. Bd2 e5 10. e4 fxe4 11. Ng5 a5 12. Ngxe4 Qe7 13. Nxd6 cxd6 14. Be3 Na6 15. Bxb6 Qf7 16. Nb5 Qe7 17. c5 Ne8 18. c6 Bc8 19. Bxa5 dxc6 20. dxc6 Be6 21. Rc1 Rc8 22. a3 Nc5 23. Nxd6 Nxd6 24. Rxc5 e4 25. Re5 Nc4 26. Rxe4 Nxa5 27. Rxe6 Qa7 28. Qd5 Kh8 29. b4 1-0

[Event "January 9 Early 2024"]
[Site "https://www.chess.com"]
[Date "2024.01.11"]
[Round "4"]
[White "Guevara Sanchez, Erick Marvin"]
[Black "Parpiev, Isaak"]
[Result "0-1"]
[Board "47"]
[TimeControl "180+1"]
[WhiteFideId "6700136"]
[BlackFideId "34281576"]
[WhiteElo "2211"]
[BlackElo "2668"]
[WhiteTeam "ESA"]
[BlackTeam "RUS"]
[WhiteClock "0:00:19"]
[BlackClock "0:01:55"]

1. e4 e5 2. Nf3 Nc6 3. Bc4 Nf6 4. Ng5 d5 5. exd5 Na5 6. Bb5+ c6 7. dxc6 bxc6 8. Bd3 Nd5 9. Qh5 g6 10. Nxf7 gxh5 11. Nxd8 Kxd8 12. O-O Nf4 13. Be4 Bd7 14. d4 Ne2+ 15. Kh1 Nxc1 16. Rxc1 exd4 17. Rd1 Bg7 18. c3 Re8 19. Bxh7 c5 20. cxd4 cxd4 21. Bg6 Re2 22. Nd2 Rxf2 23. Bxh5 Bc6 24. Bf3 Bxf3 25. Nxf3 Nc6 26. Rac1 Rc8 27. Ng5 Kd7 28. Rb1 Re8 29. Nh3 Rc2 30. Nf4 Re4 31. g3 Be5 32. Nd3 Ree2 33. Kg1 Rxh2 34. Nxe5+ Nxe5 35. Rxd4+ Ke6 36. Re4 Kd5 37. Rbe1 Nf3+ 0-1

[Event "January 9 Early 2024"]
[Site "https://www.chess.com"]
[Date "2024.01.11"]
[Round "4"]
[White "Fier, Alexandr"]
[Black "Alinasab, Mobina"]
[Result "1-0"]
[Board "48"]
[TimeControl "180+1"]
[WhiteFideId "2107139"]
[BlackFideId "12528897"]
[WhiteElo "2740"]
[BlackElo "2540"]
[WhiteTeam "BRA"]
[BlackTeam "IRI"]
[WhiteClock "0:02:11"]
[BlackClock "0:00:03"]

1. e4 c5 2. Nf3 d6 3. b4 cxb4 4. a3 bxa3 5. d4 g6 6. Bc4 Bg7 7. c3 Nf6 8. Nbd2 O-O 9. h4 Bg4 10. Qb3 Bxf3 11. Nxf3 Nc6 12. Bd3 Na5 13. Qxa3 b6 14. Bg5 Rc8 15. Bxf6 Bxf6 16. h5 Kg7 17. Kd2 e6 18. Rh3 h6 19. hxg6 fxg6 20. Rah1 Rh8 21. Rg3 g5 22. Qa2 Qd7 23. Nh2 Kf7 24. Ng4 Bg7 25. Rf3+ Ke7 26. Qa3 Rcf8 27. e5 Rxf3 28. gxf3 Rf8 29. Nxh6 Rxf3 30. Ke2 Rf8 31. Ng4 Qc7 32. Rh7 Rf7 33. Bg6 Qc4+ 34. Ke1 Ke8 35. Rxg7 1-0

[Event "January 9 Early 2024"]
[Site "https://www.chess.com"]
[Date "2024.01.11"]
[Round "4"]
[White "Guerrero Olmos, Sergio"]
[Black "Md, Sariatullah"]
[Result "1-0"]
[Board "49"]
[TimeControl "180+1"]
[WhiteFideId "2257238"]
[BlackFideId "10207333"]
[WhiteElo "2462"]
[BlackElo "2216"]
[WhiteTeam "ESP"]
[BlackTeam "BAN"]
[WhiteClock "0:01:39"]
[BlackClock "0:00:06"]

1. d4 Nf6 2. Nf3 e6 3. Bf4 d5 4. e3 c5 5. Nbd2 Nc6 6. c3 Qb6 7. Rb1 Be7 8. Bd3 O-O 9. Ne5 Qd8 10. h4 cxd4 11. exd4 Nxe5 12. dxe5 Nd7 13. Bxh7+ Kxh7 14. Qh5+ Kg8 15. Nf3 f6 16. Ng5 fxg5 17. hxg5 Bxg5 18. Bxg5 Qb6 19. Qh7+ Kf7 20. Rh4 Nxe5 21. Qh5+ g6 22. Qh7+ Ke8 23. Qe7# 1-0

[Event "January 9 Early 2024"]
[Site "https://www.chess.com"]
[Date "2024.01.11"]
[Round "4"]
[White "Lopusiewicz, Piotr"]
[Black "Timerkhanov, Alexander"]
[Result "0-1"]
[Board "50"]
[TimeControl "180+1"]
[WhiteFideId "1116029"]
[BlackFideId "24177938"]
[WhiteElo "2474"]
[BlackElo "2665"]
[WhiteTeam "POL"]
[BlackTeam "RUS"]
[WhiteClock "0:00:19"]
[BlackClock "0:01:25"]

1. d4 d5 2. c4 dxc4 3. e3 Be6 4. Nd2 c5 5. Ngf3 Nc6 6. dxc5 Qa5 7. Nd4 Bd5 8. Qc2 e5 9. Nxc6 Bxc6 10. Bxc4 Qxc5 11. Ne4 Qb6 12. O-O Nf6 13. Nxf6+ gxf6 14. a3 h5 15. b4 Rg8 16. e4 Qd4 17. Re1 Qxa1 18. b5 Bd7 0-1

[Event "January 9 Early 2024"]
[Site "https://www.chess.com"]
[Date "2024.01.11"]
[Round "4"]
[White "Sipila, Vilka"]
[Black "Dyachuk, Artem"]
[Result "0-1"]
[Board "51"]
[TimeControl "180+1"]
[WhiteFideId "505455"]
[BlackFideId "34107924"]
[WhiteElo "2652"]
[BlackElo "2711"]
[WhiteTeam "FIN"]
[BlackTeam "UKR"]
[WhiteClock "0:01:00"]
[BlackClock "0:01:02"]

1. b3 e5 2. Bb2 Nc6 3. e3 Nf6 4. Bb5 Bd6 5. Na3 Na5 6. Be2 a6 7. d3 Qe7 8. Nb1 O-O 9. Nd2 b5 10. Ngf3 Bb7 11. O-O Rfe8 12. c4 c5 13. Re1 Bc7 14. Qc2 Rac8 15. Ne4 Nxe4 16. dxe4 bxc4 17. bxc4 d6 18. Nd2 Nc6 19. Bc3 Rcd8 20. Qa4 Qd7 21. Rab1 Bc8 22. h3 Nd4 23. Bd1 Ne6 24. Qa3 Qe7 25. Ba4 Rf8 26. Bc6 Ng5 27. Kh2 f5 28. exf5 Bxf5 29. e4 Bxh3 30. f3 Bd7 31. Bd5+ Kh8 32. Rb7 Ne6 33. Rh1 Nf4 34. Nf1 Qh4+ 35. Kg1 Ne2# 0-1

[Event "January 9 Early 2024"]
[Site "https://www.chess.com"]
[Date "2024.01.11"]
[Round "4"]
[White "Nowak, Lukasz"]
[Black "Blokhin, Sofia"]
[Result "0-1"]
[Board "52"]
[TimeControl "180+1"]
[WhiteFideId "1166760"]
[BlackFideId "4508190"]
[WhiteElo "2000"]
[BlackElo "2290"]
[WhiteTeam "POL"]
[BlackTeam "EST"]
[WhiteClock "0:00:02"]
[BlackClock "0:01:28"]

1. c4 c5 2. g3 Nf6 3. Bg2 d5 4. cxd5 Nxd5 5. Nf3 Nc6 6. d4 e6 7. O-O Be7 8. e4 Nb6 9. dxc5 Qxd1 10. Rxd1 Bxc5 11. Nbd2 O-O 12. Nb3 Be7 13. Nfd4 Bd7 14. Be3 Nc4 15. Bc1 Rfd8 16. Bf1 Nb6 17. Be3 Bf6 18. f4 e5 19. Nxc6 Bxc6 20. Bg2 Nc4 21. Bf2 Nxb2 0-1

[Event "January 9 Early 2024"]
[Site "https://www.chess.com"]
[Date "2024.01.11"]
[Round "4"]
[White "Mahdavi, Reza"]
[Black "So, Wesley"]
[Result "0-1"]
[Board "53"]
[TimeControl "180+1"]
[WhiteFideId "12595926"]
[BlackFideId "5202213"]
[WhiteElo "2869"]
[BlackElo "3062"]
[WhiteTeam "IRI"]
[BlackTeam "USA"]
[WhiteClock "0:00:46"]
[BlackClock "0:00:47"]

1. e4 e6 2. d4 d5 3. Nd2 Be7 4. Ngf3 Nf6 5. Ne5 dxe4 6. c3 O-O 7. Qe2 c5 8. dxc5 Qd5 9. Ndc4 Nbd7 10. Nxd7 Bxd7 11. Be3 Ba4 12. b3 Bb5 13. Rd1 Qf5 14. Nd6 Bxd6 15. Qxb5 Be5 16. Qc4 b5 17. cxb6 Rac8 18. Qe2 Bxc3+ 19. Bd2 axb6 20. Bxc3 Rxc3 21. Qd2 e3 22. fxe3 Ne4 23. Bd3 Rxd3 0-1

[Event "January 9 Early 2024"]
[Site "https://www.chess.com"]
[Date "2024.01.11"]
[Round "4"]
[White "De Sousa, Daniel Aguiar"]
[Black "Bolat, Inayat"]
[Result "0-1"]
[Board "54"]
[TimeControl "180+1"]
[WhiteFideId "44736797"]
[BlackFideId "13733125"]
[WhiteElo "2046"]
[BlackElo "2434"]
[WhiteTeam "BRA"]
[BlackTeam "KAZ"]
[WhiteClock "0:00:11"]
[BlackClock "0:01:22"]

1. d4 Nf6 2. Nf3 b6 3. e3 Bb7 4. Bd3 d5 5. Nbd2 e6 6. b3 c5 7. O-O Bd6 8. Bb2 O-O 9. Ne5 Nfd7 10. f4 f6 11. Qh5 f5 12. dxc5 bxc5 13. g4 Nf6 14. Qh3 Bxe5 15. fxe5 Nxg4 16. Rf4 Qg5 17. Nf3 Qg6 18. Kf1 Nxe3+ 19. Ke2 Ng2 20. Ra4 c4 21. bxc4 Nf4+ 0-1

[Event "January 9 Early 2024"]
[Site "https://www.chess.com"]
[Date "2024.01.11"]
[Round "4"]
[White "Ljukin, Sergei"]
[Black "Martinez Ramirez, Lennis"]
[Result "0-1"]
[Board "55"]
[TimeControl "180+1"]
[WhiteFideId "14102200"]
[BlackFideId "3509079"]
[WhiteElo "2533"]
[BlackElo "2719"]
[WhiteTeam "UKR"]
[BlackTeam "CUB"]
[WhiteClock "0:00:02"]
[BlackClock "0:01:48"]

1. e4 c5 2. Nf3 e6 3. d4 cxd4 4. Nxd4 Qc7 5. Bd3 a6 6. Qe2 Nc6 7. Nxc6 bxc6 8. e5 Ne7 9. Bf4 Ng6 10. Bg3 Rb8 11. b3 d5 12. h4 h5 13. Nd2 Bb4 14. O-O Bc3 15. Rae1 Qe7 16. Bxg6 fxg6 17. Qd3 Bxd2 18. Qxd2 O-O 19. Qg5 Qe8 20. Qe3 a5 21. f4 Ba6 22. Rf2 Rb4 23. Qd2 c5 24. a3 Rb5 25. Rf3 d4 26. Bf2 Bb7 27. Rd3 Qc6 28. Bg3 a4 29. b4 cxb4 30. axb4 Rxb4 31. Re2 Rc4 32. Rxd4 a3 33. Rxc4 Qxc4 34. c3 Ra8 35. Qa2 Qxe2 0-1

[Event "January 9 Early 2024"]
[Site "https://www.chess.com"]
[Date "2024.01.11"]
[Round "4"]
[White "Kantans, Toms"]
[Black "Filipovic, Slobodan J"]
[Result "1-0"]
[Board "56"]
[TimeControl "180+1"]
[WhiteFideId "11602945"]
[BlackFideId "939633"]
[WhiteElo "2623"]
[BlackElo "2408"]
[WhiteTeam "LAT"]
[BlackTeam "SRB"]
[WhiteClock "0:00:54"]
[BlackClock "0:00:56"]

1. e4 c5 2. Nf3 Nc6 3. Bb5 Nf6 4. Nc3 Qc7 5. O-O e6 6. Re1 Nd4 7. Bf1 Ng4 8. g3 h5 9. d3 a6 10. h3 Nxf3+ 11. Qxf3 Ne5 12. Qe2 d6 13. Bg2 b5 14. f4 Nc6 15. Qf2 Bb7 16. a4 b4 17. Nd1 Nd4 18. Ne3 Be7 19. b3 a5 20. Bb2 g6 21. Nc4 e5 22. Rf1 f6 23. h4 Bc8 24. Ne3 Be6 25. f5 gxf5 26. exf5 O-O-O 27. fxe6 f5 28. Nd5 Qa7 29. Bxd4 cxd4 30. Qxf5 Rdf8 31. Qe4 Rhg8 32. Nxe7+ Qxe7 33. Qa8+ 1-0

[Event "January 9 Early 2024"]
[Site "https://www.chess.com"]
[Date "2024.01.11"]
[Round "4"]
[White "Foisor, Sabina-Francesca"]
[Black "Rozman, Levy"]
[Result "0-1"]
[Board "57"]
[TimeControl "180+1"]
[WhiteFideId "1212915"]
[BlackFideId "2039877"]
[WhiteElo "2465"]
[BlackElo "2658"]
[WhiteTeam "USA"]
[BlackTeam "USA"]
[WhiteClock "0:00:12"]
[BlackClock "0:01:14"]

1. d4 g6 2. Nf3 Bg7 3. g3 d6 4. Bg2 Nc6 5. O-O Bd7 6. c4 Qc8 7. h4 h6 8. d5 Ne5 9. Nxe5 Bxe5 10. Nc3 g5 11. h5 Bg7 12. e4 Nf6 13. f4 Bg4 14. Bf3 Bxf3 15. Qxf3 g4 16. Qf2 Nxh5 17. e5 Qf5 18. exd6 cxd6 19. Re1 Rc8 20. Kg2 Rxc4 21. Qe2 Rc7 22. Be3 Bxc3 23. bxc3 Qxd5+ 24. Kh2 Qf5 25. Bxa7 O-O 26. Bb6 Rxc3 27. Rg1 Rc2 0-1

[Event "January 9 Early 2024"]
[Site "https://www.chess.com"]
[Date "2024.01.11"]
[Round "4"]
[White "Piesik, Piotr"]
[Black "Goncalves, Samuel Jesus P"]
[Result "1-0"]
[Board "58"]
[TimeControl "180+1"]
[WhiteFideId "1136194"]
[BlackFideId "1945130"]
[WhiteElo "2672"]
[BlackElo "2421"]
[WhiteTeam "CZE"]
[BlackTeam "POR"]
[WhiteClock "0:01:39"]
[BlackClock "0:00:12"]

1. Nf3 Nf6 2. g3 g6 3. Bg2 Bg7 4. O-O O-O 5. d4 d6 6. Nbd2 Nbd7 7. e4 c5 8. c3 Qc7 9. Qe2 e5 10. dxe5 dxe5 11. a4 b6 12. Rd1 Bb7 13. Ne1 Rfd8 14. Nc4 Ba6 15. Nc2 Nf8 16. Bg5 Ne6 17. Bxf6 Bxf6 18. N2e3 Bg7 19. Nd5 Qb7 20. Bf1 Nc7 21. Nxc7 Qxc7 22. Qf3 Rxd1 23. Rxd1 Rd8 24. Ne3 Bb7 25. Bc4 Rxd1+ 26. Nxd1 Kf8 27. Ne3 f5 28. Bd5 Bxd5 29. Nxd5 Qd7 30. exf5 gxf5 31. Ne3 Qxa4 32. Qxf5+ Kg8 33. Qe6+ Kf8 34. Nf5 Qd1+ 35. Kg2 Qd8 36. Nd6 Qa8+ 37. Kg1 1-0

[Event "January 9 Early 2024"]
[Site "https://www.chess.com"]
[Date "2024.01.11"]
[Round "4"]
[White "Zhu, Hengyi"]
[Black "Bjerre, Jonas Buhl"]
[Result "0-1"]
[Board "59"]
[TimeControl "180+1"]
[WhiteFideId "8611211"]
[BlackFideId "1444948"]
[WhiteElo "2777"]
[BlackElo "2964"]
[WhiteTeam "CHN"]
[BlackTeam "DEN"]
[WhiteClock "0:01:11"]
[BlackClock "0:00:31"]

1. e4 c5 2. Nf3 d6 3. c3 Nf6 4. h3 g6 5. Bd3 Bg7 6. O-O O-O 7. Bc2 e5 8. d4 cxd4 9. cxd4 exd4 10. Nxd4 Re8 11. Nc3 Nc6 12. Be3 d5 13. Nxc6 bxc6 14. exd5 Nxd5 15. Nxd5 cxd5 16. Bd4 Ba6 17. Bxg7 Bxf1 18. Bc3 Bc4 19. Qd4 f6 20. Rd1 Re2 21. Ba4 Re4 22. Qd2 Be2 23. Re1 Rxa4 24. Rxe2 d4 25. Qc2 Rc4 26. Rd2 Rac8 27. Qd3 Qd6 28. Bxd4 Rxd4 0-1

[Event "January 9 Early 2024"]
[Site "https://www.chess.com"]
[Date "2024.01.11"]
[Round "4"]
[White "Waldhausen Gordon, Frederick"]
[Black "Syaputra, Arifa Rizki"]
[Result "0-1"]
[Board "60"]
[TimeControl "180+1"]
[WhiteFideId "2409143"]
[BlackFideId "7105100"]
[WhiteElo "2535"]
[BlackElo "2727"]
[WhiteTeam "SCO"]
[BlackTeam "INA"]
[WhiteClock "0:00:30"]
[BlackClock "0:01:14"]

1. Nf3 Nf6 2. d4 d5 3. c4 e6 4. Nc3 dxc4 5. e4 b5 6. e5 Nd5 7. Nxb5 Nb6 8. Be2 Nc6 9. Be3 Be7 10. O-O O-O 11. Qc1 Qd7 12. Nc3 Bb7 13. Rd1 Rfd8 14. Bg5 h6 15. Bxe7 Nxe7 16. Qc2 Qc6 17. Rac1 Rd7 18. Bf1 Rad8 19. Nb1 Nf5 20. Na3 Nxd4 21. Nxd4 Rxd4 22. Rxd4 Rxd4 23. Qc3 Qd5 24. Nb5 Rg4 25. Qh3 Rg5 26. f4 Rf5 27. Qe3 Qxb5 28. g4 Nd5 29. Qxa7 Rxf4 30. h3 Qxb2 31. Qb8+ Kh7 32. Rxc4 Qf2+ 0-1

[Event "January 9 Early 2024"]
[Site "https://www.chess.com"]
[Date "2024.01.11"]
[Round "4"]
[White "Blahynka, Martin"]
[Black "Krstulovic, Alex"]
[Result "1-0"]
[Board "61"]
[TimeControl "180+1"]
[WhiteFideId "334766"]
[BlackFideId "760056"]
[WhiteElo "2453"]
[BlackElo "2646"]
[WhiteTeam "CZE"]
[BlackTeam "HUN"]
[WhiteClock "0:01:00"]
[BlackClock "0:00:13"]

1. c4 e5 2. Nc3 Nc6 3. Nf3 Nf6 4. g3 Bb4 5. Bg2 O-O 6. O-O Bxc3 7. bxc3 e4 8. Nd4 Ne5 9. d3 Re8 10. f4 Ng6 11. Qc2 d5 12. cxd5 Qxd5 13. dxe4 Nxe4 14. f5 Nf8 15. Rf4 Qc5 16. Bxe4 Nd7 17. f6 Nxf6 18. Rxf6 gxf6 19. Bxh7+ Kg7 20. Rb1 Rh8 21. Rb5 Qe7 22. Rh5 c6 23. Bh6# 1-0

[Event "January 9 Early 2024"]
[Site "https://www.chess.com"]
[Date "2024.01.11"]
[Round "4"]
[White "Rodriguez Avila, Alvaro"]
[Black "Santos Flores, Alberto"]
[Result "0-1"]
[Board "62"]
[TimeControl "180+1"]
[WhiteFideId "24570249"]
[BlackFideId "3601234"]
[WhiteElo "2311"]
[BlackElo "2507"]
[WhiteTeam "ESP"]
[BlackTeam "ECU"]
[WhiteClock "0:00:17"]
[BlackClock "0:01:09"]

1. e4 e6 2. d4 d5 3. e5 c5 4. c3 Qb6 5. Nf3 Nc6 6. Bd3 cxd4 7. O-O Bd7 8. h4 Nge7 9. h5 g6 10. h6 Nf5 11. Bxf5 gxf5 12. cxd4 Be7 13. Nc3 O-O 14. Na4 Qd8 15. Nc5 b6 16. Nd3 Kh8 17. Be3 Rg8 18. Qd2 Na5 19. b3 Nc6 20. Nf4 Rg4 21. Nh5 Qg8 22. Ng7 Rxg7 23. hxg7+ Qxg7 24. Bg5 Rg8 25. Rac1 Bxg5 26. Nxg5 Qxg5 27. f4 Qg3 28. Rf3 Qxf3 0-1

[Event "January 9 Early 2024"]
[Site "https://www.chess.com"]
[Date "2024.01.11"]
[Round "4"]
[White "Shuvalova, Polina"]
[Black "Belov, Alexei"]
[Result "1-0"]
[Board "63"]
[TimeControl "180+1"]
[WhiteFideId "24171760"]
[BlackFideId "4128206"]
[WhiteElo "2759"]
[BlackElo "2546"]
[WhiteTeam "RUS"]
[BlackTeam "RUS"]
[WhiteClock "0:01:02"]
[BlackClock "0:00:32"]

1. e4 e6 2. d4 d5 3. exd5 exd5 4. Nf3 Nf6 5. c4 Be7 6. Nc3 O-O 7. cxd5 Nbd7 8. Bd3 Nb6 9. O-O Nbxd5 10. h3 c6 11. Re1 Re8 12. Ne5 Be6 13. Bg5 h6 14. Bd2 Qb6 15. Na4 Qxd4 16. Bxh6 Qh4 17. Bd2 Rad8 18. Nf3 Qh5 19. Re5 Qh8 20. Qe2 Bd6 21. Rg5 Bf4 22. Re5 Bxd2 23. Qxd2 Nc7 24. Nc5 Bc4 25. Rxe8+ Ncxe8 26. Bh7+ Qxh7 27. Qxd8 b6 28. Nd7 Nxd7 29. Qxd7 1-0

[Event "January 9 Early 2024"]
[Site "https://www.chess.com"]
[Date "2024.01.11"]
[Round "4"]
[White "Materia, Marco"]
[Black "Skatchkov, Valery"]
[Result "0-1"]
[Board "64"]
[TimeControl "180+1"]
[WhiteFideId "45150451"]
[BlackFideId "24195812"]
[WhiteElo "2810"]
[BlackElo "2612"]
[WhiteTeam "FRA"]
[BlackTeam "RUS"]
[WhiteClock "0:00:45"]
[BlackClock "0:01:10"]

1. Nf3 d5 2. e3 c5 3. c4 d4 4. exd4 cxd4 5. d3 Nc6 6. g3 Nf6 7. Bg2 e6 8. O-O Bc5 9. Bg5 O-O 10. Nbd2 Be7 11. Re1 a5 12. Ne5 Nxe5 13. Rxe5 Nd7 14. Bxe7 Qxe7 15. Rb5 Nc5 16. Nb3 Na4 17. Nxd4 Nxb2 18. Rxb2 Qf6 19. Nxe6 Bxe6 20. Rxb7 Rad8 21. Rab1 Bxc4 22. Be4 Bxa2 23. Ra1 Bd5 24. Bxd5 Rxd5 25. Ra3 Rfd8 26. Kg2 Qc6 27. Qf3 Qxb7 28. Rxa5 Qd7 29. Ra1 Rxd3 30. Qf4 Qd5+ 31. Kh3 Rd4 32. Qe3 Qf5+ 33. Kg2 Qe4+ 34. Qxe4 Rxe4 35. Ra3 g6 36. Rf3 h5 37. h4 Rd5 38. Rc3 Re2 39. Kf1 Ra2 40. Rc8+ Kg7 41. Rc3 Rf5 42. f3 Rb5 43. Rc1 Rbb2 0-1